 Dungeon Crawl Stone Soup version 0.30-a0-439-g9e77e4d916 (webtiles) character file.

Game seed: 14694438816017619937

56 cforsyth the Chopper (level 3, -2/49 HPs)
             Began as a Minotaur Berserker on Dec 11, 2022.
             Was a Believer of Trog.
             Slain by a gnoll
             ... wielding a +0 flail
              (8 damage)
             ... on level 2 of the Dungeon.
             The game lasted 00:02:53 (1067 turns).

cforsyth the Chopper (Minotaur Berserker)           Turns: 1067, Time: 00:02:53

Health: -2/49      AC:  2    Str: 23    XL:     3   Next: 69%
Magic:  2/2        EV: 12    Int:  4    God:    Trog [**....]
Gold:   56         SH:  0    Dex:  9    Spells: 2/2 levels left

rFire   . . .      SeeInvis .    a - +0 hand axe
rCold   . . .      Faith    .    (no shield)
rNeg    . . .      Spirit   .    b - +0 animal skin
rPois   .          Reflect  .    (helmet restricted)
rElec   .          Harm     .    (no cloak)
rCorr   .          Rampage  .    (no gloves)
Will    .....                    (no boots)
Stlth   ..........               (no amulet)
HPRegen 0.28/turn                (no ring)
MPRegen 0.08/turn                (no ring)

@: berserking, very quick
A: horns 2, retaliatory headbutt
a: Renounce Religion, Berserk, Trog's Hand


You were on level 2 of the Dungeon.
You worshipped Trog.
Trog was pleased with you.
You visited 1 branch of the dungeon, and saw 2 of its levels.

You collected 56 gold pieces.

Inventory:

Hand Weapons
 a - a +0 hand axe (weapon)
Armour
 b - a +0 animal skin (worn)
Scrolls
 d - a scroll of enchant armour {unknown}
 e - a scroll of identify {unknown}
 g - a scroll of blinking {unknown}
 h - a scroll of magic mapping {unknown}
 j - a scroll of immolation {unknown}
Potions
 c - a potion of curing {unknown}
 f - a potion of mutation {unknown}
 i - a potion of lignification {unknown}


   Skills:
 + Level 4.2 Fighting
 + Level 4.2 Axes
 + Level 3.1 Armour
 + Level 3.0 Dodging


You had 2 spell levels left.
You didn't know any spells.
Your spell library was empty.

Dungeon Overview and Level Annotations

Branches:
Dungeon (2/15)

Altars:

Shops:
D:1 =


Innate Abilities, Weirdness & Mutations

You have a pair of horns on your head.
You reflexively headbutt those who attack you in melee.


Message History

No target in view!
Found a stone staircase leading down and a stone staircase leading up.
No target in view!
No target in view!
A gnoll comes into view. It is wielding a +0 flail.
The gnoll misses you.
You barely miss the gnoll. The gnoll hits you with a +0 flail!
You closely miss the gnoll.
You headbutt the gnoll, but do no damage.
The gnoll hits you with a +0 flail.
You hit the gnoll but do no damage.
You headbutt the gnoll, but do no damage.
The gnoll barely misses you.
You closely miss the gnoll. You headbutt the gnoll.
The gnoll is heavily wounded.
The gnoll hits you with a +0 flail! The gnoll completely misses you.
You are too injured to fight recklessly!
You are too injured to fight recklessly!
You are too injured to fight recklessly!
You are too injured to fight recklessly!
You are too injured to fight recklessly!
You are too injured to fight recklessly!
You are too injured to fight recklessly!
You are too injured to fight recklessly!
You are too injured to fight recklessly!
A gnoll is nearby!
You are too injured to fight recklessly!
You hit the gnoll.
The gnoll is heavily wounded.
The gnoll barely misses you.
A red film seems to cover your vision as you go berserk!
You feel yourself moving faster!
You feel mighty! The gnoll hits you with a +0 flail!
* * * LOW HITPOINT WARNING * * *
You closely miss the gnoll.
The gnoll is heavily wounded.
You barely miss the gnoll.
The gnoll is heavily wounded.
The gnoll hits you with a +0 flail!
You die...

#.#.......
#.#.......
#.#.....).
######.........
####..............
..##.######.......
#.##.# ####.##.
#g##.# #.##.
#@##.# #.##.
#.##.# #.##.
#.##.# ..# .
#.##.# #.##.#
#.##.# #.##.#
##.##.# #...#.#


You could see a gnoll.

Vanquished Creatures
  A gnoll (D:1)
  2 dart slugs (D:1)
  6 ball pythons
  5 endoplasms (D:1)
  2 giant cockroaches
  4 hobgoblins
  4 jackals (D:1)
  3 bats (D:1)
  A frilled lizard (D:1)
  5 goblins
  2 kobolds (D:1)
  5 rats
40 creatures vanquished.

Notes
Turn   | Place    | Note
-------+----------+-------------------------------------------
     0 | D:1      | cforsyth the Minotaur Berserker began the quest for the
                  | Orb.
     0 | D:1      | Reached XP level 1. HP: 19/19 MP: 0/0
    57 | D:1      | Reached XP level 2. HP: 20/27 MP: 1/1
   151 | D:1      | Found Hounlueg's One-of-a-Kind Rings.
   202 | D:1      | Reached XP level 3. HP: 13/33 MP: 2/2
   528 | D:1      | Found a faded altar of an unknown god.
   619 | D:1      | Reached ** piety under Trog
  1067 | D:2      | Slain by a gnoll

Illustrated notes

Levels and vault maps discovered:
D:1:      minmay_arrival_three_doors, layout_rooms,
          hellmonk_ecumenical_altar_pennies_from_heaven,
          nicolae_shop_unique_rings
D:2:      layout_loops_ring

Skill      XL: |  1  2  3 |
---------------+----------+-----
Fighting       | 4 |  4.2
Axes           | 4 |  4.2
Armour         | 3 |  3.1
Dodging        | 3 |  3.0

Action                   || total
-------------------------++-------
Melee: Hand axe          ||    70
       Headbutt          ||     9
Invok: Berserk           ||     2
Armor: Animal skin       ||    17
Dodge: Dodged            ||    50

Table legend: (Time is in decaauts)
 A = Elapsed time spent in this place.
 B = Non-inter-level travel time spent in this place.
 C = Inter-level travel time spent in this place.
 D = Time resting spent in this place.
 E = Time spent auto-exploring this place.
 F = Levels seen in this place.
 G = Mean time per level.
                   A        B        C        D        E       F      G
               +--------+--------+--------+--------+--------+-----+--------+
         Total |   1088 |   1066 |     22 |    184 |    679 |   2 |  544.0 |
       Dungeon |   1088 |   1066 |     22 |    184 |    679 |   2 |  544.0 |
               +--------+--------+--------+--------+--------+-----+--------+

Top non-repeatable levels by time:
     D:1: 763 daAuts
     D:2: 324 daAuts
